 Dungeon Crawl Stone Soup version 0.18.1-48-g4cf74bf (webtiles) character file.

359 sarahorange the Conjurer (level 6, -1/32 HPs)
             Began as a Tengu Conjurer on Aug 17, 2016.
             Was a Follower of Okawaru.
             Slain by a gnoll shaman
             ... wielding a +0 whip
              (7 damage)
             ... on level 3 of the Dungeon.
             The game lasted 00:33:08 (4658 turns).

sarahorange the Conjurer (Tengu Conjurer)           Turns: 4658, Time: 00:33:09

Health: -1/32      AC:  3    Str: 12    XL:     6   Next: 65%
Magic:  2/11       EV: 13    Int: 17    God:    Okawaru [*.....]
Gold:   166        SH:  0    Dex: 14    Spells: 3 memorised, 4 levels left

rFire  . . .     SeeInvis .     g - +0 hand axe
rCold  . . .     Gourm    .     j - +0 leather armour
rNeg   . . .     Faith    .     (no shield)
rPois  .         Spirit   .     (helmet restricted)
rElec  .         Dismiss  .     (no cloak)
rCorr  .         Reflect  .     (no gloves)
SustAt .         Harm     .     (boots unavailable)
MR     .....                    (no amulet)
Stlth  +.........               (no ring)
                                p - +3 ring of strength

@: glowing, not resistant to hostile enchantments, very unstealthy
A: beak, talons 3, able to fly 1
a: Fly, Heroism, Renounce Religion


You were on level 3 of the Dungeon.
You worshipped Okawaru.
Okawaru was aware of your devotion.
You were not hungry.

You visited 1 branch of the dungeon, and saw 4 of its levels.

You collected 166 gold pieces.

Inventory:

Hand Weapons
 g - a +0 hand axe (weapon)
Missiles
 h - 2 tomahawks (quivered)
 i - 68 stones
 l - 19 poisoned needles
 C - 3 javelins
Armour
 j - a +0 leather armour (worn)
Jewellery
 p - a +3 ring of strength (left hand)
Wands
 q - a wand of paralysis (24/24)
Scrolls
 d - 4 scrolls of identify
 e - 3 scrolls of remove curse
 u - a scroll of enchant weapon {unknown}
 y - a scroll of random uselessness {unknown}
Potions
 m - a potion of invisibility {unknown}
 o - 2 potions of haste {unknown}
 r - 3 potions of cancellation {unknown}
 t - a potion of brilliance {unknown}
 v - 2 potions of curing {unknown}
 w - a potion of might {unknown}
 x - 2 potions of degeneration {unknown}
 z - a potion of lignification {unknown}
 A - a potion of heal wounds {unknown}
 B - a potion of cure mutation {unknown}
Books
 b - a book of Conjurations

   Spells                             Type                      Level
   a - Magic Dart                     Conjuration                  1
   b - Searing Ray                    Conjuration                  2
   c - Dazzling Spray                 Conjuration/Hexes            3
   d - Fulminant Prism                Conjuration/Hexes            4
   e - Iskenderun's Mystic Blast      Conjuration                  4
   f - Iskenderun's Battlesphere      Conjuration/Charms           5
Comestibles
 c - 3 bread rations
 s - 3 chunks of flesh


   Skills:
 + Level 0.2 Fighting
 + Level 1.9 Axes
 + Level 0.6 Throwing
 + Level 2.6 Armour
 + Level 3.2 Dodging
 + Level 2.4 Stealth
 + Level 2.9 Spellcasting
 + Level 7.4 Conjurations
 + Level 0.5 Hexes


You had 4 spell levels left.
You knew the following spells:

 Your Spells              Type           Power        Failure   Level  Hunger
a - Magic Dart            Conj           ####         1%          1    #......
b - Searing Ray           Conj           ####..       1%          2    ##.....
c - Dazzling Spray        Conj/Hex       ###...       14%         3    ###....


Dungeon Overview and Level Annotations

Branches:
Dungeon (4/15)             Temple (0/1) D:4

Altars:
Fedhas
Nemelex Xobeh
Okawaru
Trog


Innate Abilities, Weirdness & Mutations

You have a beak for a mouth.
You have claws for feet.
You can fly.


Message History

The gnoll shaman is almost dead.
The gnoll shaman hits you with a whip.
You hit the gnoll shaman but do no damage.
The gnoll shaman is almost dead.
The gnoll shaman utters an invocation to its god.
The gnoll shaman is healed somewhat.
You barely miss the gnoll shaman.
The gnoll shaman is severely wounded.
The gnoll shaman mumbles some strange prayers to its god against you.
You are outlined in light.
The gnoll shaman hits you with a whip!
* * * LOW HITPOINT WARNING * * *
Casting: Searing Ray
Confirm with . or Enter, or press ? or * to list all spells.
Aiming: Searing Ray
Press: ? - help, Shift-Dir - straight line, f/p - gnoll shaman
Aim: a gnoll shaman, wielding a whip and wearing a leather armour (heavily wounded)
The searing ray hits the gnoll shaman.
The gnoll shaman is severely wounded.
The gnoll shaman hits you with a whip!
You die...

............'.# #.#
............#.# #.#
............### #.#
.........)..# #.#
............# #.#
............# #.#
............# #.#
............##########.#
.........(.(.))g@[.....#
#######..###################
......).))..................
≈≈≈≈≈≈....≈≈≈≈≈≈≈≈≈≈≈≈≈≈≈≈≈≈
≈≈≈≈≈≈....≈≈≈≈≈≈≈≈≈≈≈≈≈≈≈≈≈≈
≈≈≈≈≈≈....≈≈≈≈≈≈≈≈≈≈≈≈#####≈
........).....g.......# g#
######''''############# # .
#....#.......#


You could see a gnoll shaman.

Vanquished Creatures
  A centaur skeleton (D:4)
  A gnoll shaman (D:3)
  An orc wizard (D:3)
  15 gnolls
  3 adders
  An ooze (D:1)
  An adder skeleton (D:4)
  5 worms
  3 dart slugs
  3 giant geckos
  6 orcs
  2 ball pythons
  2 giant cockroaches (D:1)
  3 goblins
  4 hobgoblins
  7 jackals (D:3)
  10 bats
  4 giant newts
  8 kobolds
  6 rats
86 creatures vanquished.

Notes
Turn   | Place    | Note
--------------------------------------------------------------
     0 | D:1      | sarahorange the Tengu Conjurer began the quest for the Orb.
     0 | D:1      | Reached XP level 1. HP: 10/10 MP: 4/4
    34 | D:1      | Found an iron altar of Okawaru.
    77 | D:1      | Became a worshipper of Warmaster Okawaru
   187 | D:1      | Reached XP level 2. HP: 15/15 MP: 4/6
   244 | D:1      | Learned a level 2 spell: Searing Ray
   444 | D:1      | Reached skill level 6 in Conjurations
   707 | D:2      | Reached XP level 3. HP: 17/19 MP: 7/7
   713 | D:2      | Learned a level 3 spell: Dazzling Spray
  1641 | D:2      | Reached skill level 1 in Axes
  1641 | D:2      | Reached XP level 4. HP: 23/24 MP: 3/8
  2258 | D:3      | Found a blossoming altar of Fedhas.
  2934 | D:4      | Found a bloodstained altar of Trog.
  3077 | D:4      | Found a sparkling altar of Nemelex Xobeh.
  3135 | D:4      | Found a staircase to the Ecumenical Temple.
  3222 | D:4      | Reached skill level 1 in Armour
  3222 | D:4      | Gained mutation: You can fly. [Tengu growth]
  3222 | D:4      | Reached XP level 5. HP: 23/28 MP: 4/9
  3281 | D:4      | Noticed an ogre
  3764 | D:3      | Reached * piety under Okawaru
  3899 | D:3      | Reached skill level 7 in Conjurations
  3899 | D:3      | Reached XP level 6. HP: 32/32 MP: 2/10
  4658 | D:3      | Slain by a gnoll shaman

Skill      XL: |  1  2  3  4  5  6 |
---------------+-------------------+-----
Conjurations   | 6 7 |  7.4
Axes           | 1 |  1.9
Armour         | 1 2 |  2.6
Dodging        | 3 |  3.2
Fighting       | |  0.2
Throwing       | |  0.6
Stealth        | |  2.4
Spellcasting   | |  2.9
Hexes          | |  0.5

Action                   |  1- 3 |  4- 6 || total
-------------------------+-------+-------++-------
Melee: Hand axe          |    10 |    23 ||    33
       Peck              |     1 |     4 ||     5
       Kick              |       |     5 ||     5
Throw: Tomahawk          |       |     9 ||     9
 Cast: Magic Dart        |    50 |    68 ||   118
       Searing Ray       |     6 |    27 ||    33
       Dazzling Spray    |     1 |       ||     1
  Use: Scroll            |       |     6 ||     6
  Eat: Chunk             |     2 |     7 ||     9
       Pizza             |     1 |       ||     1
       Bread ration      |       |     1 ||     1
Armor: Leather armour    |     4 |     3 ||     7
Dodge: Dodged            |    12 |    22 ||    34
